[Event "Early-Titled-Tuesday-Blitz-February-27-2024"]
[Site "Chess.com"]
[Date "2024.02.27"]
[Round "8"]
[White "LLariMarc"]
[Black "FontVella8"]
[Result "0-1"]
[WhiteElo "2396"]
[BlackElo "2708"]
[TimeControl "180+1"]
[EndTime "9:24:19 PST"]
[Termination "FontVella8 won by resignation"]

1. d4 d5 2. Nf3 e6 3. Bg5 Nf6 4. Nbd2 c5 5. e3 Nc6 6. c3 cxd4 7. exd4 h6 8. Bh4 Be7 9. Bd3 g5 10. Bg3 Nh5 11. Qe2 g4 12. Ne5 Nxg3 13. hxg3 Nxe5 14. Qxe5 Bf6 15. Qh5 Bg5 16. Qxg4 e5 17. Bb5+ Kf8 18. Qe2 exd4 19. cxd4 Qa5 20. f4 Bf6 21. Qd3 Bg4 22. Qb3 a6 23. Bd3 Re8+ 24. Kf1 Qxd2 0-1

[Event "Early-Titled-Tuesday-Blitz-February-27-2024"]
[Site "Chess.com"]
[Date "2024.02.27"]
[Round "8"]
[White "Kildepiotr"]
[Black "scarabee43"]
[Result "0-1"]
[WhiteElo "2682"]
[BlackElo "2888"]
[TimeControl "180+1"]
[EndTime "9:24:44 PST"]
[Termination "scarabee43 won by resignation"]

1. Nf3 d5 2. g3 Nf6 3. Bg2 e6 4. O-O Be7 5. d3 O-O 6. Nbd2 a5 7. e4 a4 8. a3 b5 9. e5 Nfd7 10. Re1 c5 11. h4 Bb7 12. Nf1 d4 13. h5 h6 14. Bf4 Na6 15. N1d2 Nc7 16. Ne4 Nd5 17.
Bd2 Qb6 18. g4 Rfc8 19. g5 hxg5 20. Nexg5 c4 21. h6 gxh6 22. Ne4 Kh7 23. Kh1 Rg8 24. Rg1 Rg6 25. Bh3 Rag8 26. Qe2 Qc7 27. Rxg6 Rxg6 28. Nxd4 Nxe5 29. Nxb5 cxd3 30. cxd3 Qc2 31. Bg2 Nxd3 32. Nbd6 Bxd6 33. Nxd6 N5f4 0-1

[Event "Early-Titled-Tuesday-Blitz-February-27-2024"]
[Site "Chess.com"]
[Date "2024.02.27"]
[Round "8"]
[White "Vesapesa"]
[Black "Savagelittlemole"]
[Result "0-1"]
[WhiteElo "2236"]
[BlackElo "2446"]
[TimeControl "180+1"]
[EndTime "9:24:45 PST"]
[Termination "Savagelittlemole won by resignation"]

1. e4 c5 2. Nf3 d6 3. d4 cxd4 4. Qxd4 Nf6 5. Qe3 Nc6 6. c4 e6 7.
Nc3 Be7 8. Be2 O-O 9. O-O b6 10. h3 Bb7 11. b3 Qc7 12. Bb2 Rad8 13. Rac1 Qb8 14. Rfd1 Ne5 15. Nd4 d5 16. f4 Ng6 17. f5 exf5 18. exf5 Qf4 19. Qxf4 Nxf4 20. Bf3 Bc5 21. Kh2 dxc4 22. Bxb7 Rxd4 23. Rxd4 Bxd4 24. bxc4 Nd3 25. Nd1 Nxb2 26. Nxb2 Bxb2 27. Re1 Re8 0-1

[Event "Early-Titled-Tuesday-Blitz-February-27-2024"]
[Site "Chess.com"]
[Date "2024.02.27"]
[Round "8"]
[White "Zavgorodniy_Sergiy"]
[Black "Cheer_Down"]
[Result "1-0"]
[WhiteElo "2629"]
[BlackElo "2477"]
[TimeControl "180+1"]
[EndTime "9:24:48 PST"]
[Termination "Zavgorodniy_Sergiy won by resignation"]

1. d4 Nf6 2. c4 e6 3. Nf3 b6 4. g3 Bb7 5. Bg2 Be7 6. O-O d5 7.
cxd5 exd5 8. Nc3 O-O 9. Bf4 Na6 10. Rc1 h6 11. Ne5 c5 12. Qa4 Qe8 13. Qxe8 Rfxe8 14. dxc5 Nxc5 15. Rfd1 Nce4 16. Nb5 Bc5 17. Nd3 Rec8 18.
Nc7 g5 19. Be5 Ng4 20. Nxc5 Nxc5 21. Bd6 Rab8 22. Nxd5 Bxd5 23. Bxd5 1-0

[Event "Early-Titled-Tuesday-Blitz-February-27-2024"]
[Site "Chess.com"]
[Date "2024.02.27"]
[Round "8"]
[White "FMStan15"]
[Black "RJRA94"]
[Result "0-1"]
[WhiteElo "2065"]
[BlackElo "2303"]
[TimeControl "180+1"]
[EndTime "9:25:06 PST"]
[Termination "RJRA94 won by resignation"]

1. e4 d5 2. e5 c5 3. c3 Nc6 4.
d4 e6 5. Nf3 Bd7 6. Bd3 Rc8 7.
dxc5 Bxc5 8. O-O f6 9. Nh4 Nxe5 10. Qh5+ Kf8 11. Be2 Be8 12. Ng6+ Bxg6 13. Qh4 Ne7 14. Kh1 Nf5 15. Qh3 Bf7 16. f4 Ng6 17. g4 Nd6 18. f5 exf5 19. gxf5 Ne5 20. Bf4 d4 21. b4 Bb6 22. a4 Ndc4 23. a5 Bd5+ 24. Kg1 d3+ 25.
axb6 Qxb6+ 26. Rf2 dxe2 27. Nd2 Nxd2 28. Bxd2 Nf3+ 0-1

[Event "Early-Titled-Tuesday-Blitz-February-27-2024"]
[Site "Chess.com"]
[Date "2024.02.27"]
[Round "8"]
[White "alexrustemov"]
[Black "SirStrateg"]
[Result "0-1"]
[WhiteElo "2823"]
[BlackElo "2683"]
[TimeControl "180+1"]
[EndTime "9:25:09 PST"]
[Termination "SirStrateg won by resignation"]

1. d4 d6 2. Nf3 Bg4 3. c4 c6 4. Nc3 Nd7 5. e4 e5 6. Be2 Ngf6 7. O-O Be7 8. Be3 O-O 9. d5 cxd5 10. cxd5 Bxf3 11.
Bxf3 Ne8 12. Qd2 h6 13. Rac1 Bg5 14. Bg4 Bxe3 15. Qxe3 Ndf6 16. Bh3 Qa5 17. Rc2 b5 18. b3 b4 19. Na4 Nc7 20. Rc6 Nb5 21. Qd3 Nd4 22.
Rxd6 Qc7 23. Qa6 Nxe4 24. Rd7 Qc2 25. Qc4 Ne2+ 26. Kh1 Nxf2+ 0-1

[Event "Early-Titled-Tuesday-Blitz-February-27-2024"]
[Site "Chess.com"]
[Date "2024.02.27"]
[Round "8"]
[White "nicolasbatista3"]
[Black "Viacheslav92"]
[Result "1-0"]
[WhiteElo "2427"]
[BlackElo "2530"]
[TimeControl "180+1"]
[EndTime "9:25:10 PST"]
[Termination "nicolasbatista3 won by resignation"]

1. d4 Nf6 2. c4 e6 3. Nc3 Bb4 4. f3 d5 5. a3 Be7 6. e4 dxe4 7. fxe4 e5 8. d5 Bc5 9. Nf3 O-O 10. Bg5 c6 11. b4 Bd4 12. Nxd4 exd4 13. Qxd4 Nbd7 14. Be2 h6 15. Bh4 Qe7 16. O-O Re8 17. Bd3 a5 18. c5 axb4 19. axb4 Rxa1 20. Rxa1 Ne5 21. Rf1 g5 22. d6 Qe6 23. Bg3 Nxd3 24. Rxf6 Qb3 25. Qxd3 Qxb4 26. d7 Bxd7 27. Qxd7 Qxc5+ 28. Bf2 Qe5 29. Bd4 1-0

[Event "Early-Titled-Tuesday-Blitz-February-27-2024"]
[Site "Chess.com"]
[Date "2024.02.27"]
[Round "8"]
[White "Let_it_be_1"]
[Black "Rosh1610"]
[Result "1-0"]
[WhiteElo "2553"]
[BlackElo "2426"]
[TimeControl "180+1"]
[EndTime "9:25:12 PST"]
[Termination "Let_it_be_1 won by resignation"]

1. e4 e6 2. d4 d5 3. Nd2 Nf6 4. e5 Nfd7 5. Bd3 c5 6. c3 Nc6 7. Ne2 Be7 8. Nf3 Qb6 9. O-O h6 10. a3 O-O 11. b4 c4 12. Bc2 a5 13. Be3 axb4 14. axb4 Rxa1 15. Qxa1 Na7 16. Qc1 Nb5 17. Bxh6 gxh6 18. Qxh6 f5 19. Qg6+ Kh8 20. Nf4 Nc7 21.
Qh6+ Kg8 22. Ng6 Bxb4 23. Ng5 1-0

[Event "Early-Titled-Tuesday-Blitz-February-27-2024"]
[Site "Chess.com"]
[Date "2024.02.27"]
[Round "8"]
[White "Happy1712Drummer"]
[Black "BeardedNM"]
[Result "0-1"]
[WhiteElo "2374"]
[BlackElo "2242"]
[TimeControl "180+1"]
[EndTime "9:25:19 PST"]
[Termination "BeardedNM won by resignation"]

1. e4 e6 2. d4 d5 3. Nd2 Be7 4. Ngf3 Nf6 5. e5 Nfd7 6. Bd3 c5 7. c3 Nc6 8. O-O a5 9. Re1 cxd4 10. cxd4 Qb6 11. Qa4 g5 12. h3 h5 13. Qd1 g4 14.
hxg4 hxg4 15. Nh2 g3 16. fxg3 Qxd4+ 17. Kh1 Qxd3 18. Qg4 Ndxe5 19. Qg7 Qh7 20. Qxh7 Rxh7 21. Kg1 Bc5+ 22. Kf1 Rxh2 0-1

[Event "Early-Titled-Tuesday-Blitz-February-27-2024"]
[Site "Chess.com"]
[Date "2024.02.27"]
[Round "8"]
[White "AniJak"]
[Black "Actuary44"]
[Result "0-1"]
[WhiteElo "2372"]
[BlackElo "2522"]
[TimeControl "180+1"]
[EndTime "9:25:22 PST"]
[Termination "Actuary44 won by resignation"]

1. e4 b6 2. d4 Bb7 3. Nc3 e6 4. Bd3 Nf6 5. Qe2 d5 6. e5 Nfd7 7. Nd1 c5 8. c3 Nc6 9. Nf3 Qc7 10.
O-O h6 11. Be3 O-O-O 12. a4 f5 13. exf6 gxf6 14. dxc5 bxc5 15. Ba6 e5 16. b4 c4 17. Bxb7+ Kxb7 18. a5 a6 19. b5 axb5 20. a6+ Ka8 21. Nh4 d4 22. cxd4 exd4 23. Ng6 Rg8 24. Bf4 Bd6 25. Bxd6 Qxd6 26. Nh4 Qd5 27. Rb1 Rde8 28. Qb2 Re4 29. Nf3 b4 30. Qd2 Reg4 31. Ne3 Rxg2+ 32.
Nxg2 Qxf3 0-1

[Event "Early-Titled-Tuesday-Blitz-February-27-2024"]
[Site "Chess.com"]
[Date "2024.02.27"]
[Round "8"]
[White "ImportedItalianMaple"]
[Black "sokidze"]
[Result "0-1"]
[WhiteElo "2549"]
[BlackElo "2768"]
[TimeControl "180+1"]
[EndTime "9:25:29 PST"]
[Termination "sokidze won by resignation"]

1. Nf3 d5 2. g3 Nf6 3. Bg2 e6 4. O-O Be7 5. c4 O-O 6. b3 d4 7. Bb2 c5 8. e3 Nc6 9. exd4 cxd4 10. Re1 Re8 11. Ne5 Nxe5 12. Rxe5 Bd6 13. Rb5 a6 14. Rg5 h6 15. Rh5 Nxh5 16. Qxh5 e5 17. d3 Qg5 18. Qe2 Bg4 19. Qe1 Re7 20. Nd2 Bb4 21. Bc1 Bc3 22. Rb1 Bf5 23. h4 Qg6 24.
Ba3 Ree8 25. Bxb7 Rab8 26. Be4 Bxe4 27. dxe4 Bxd2 28. Qxd2 Qxe4 29. Re1 Qc6 30. c5 Rbd8 31. b4 e4 32. Bb2 e3 33. Qd3 exf2+ 34. Kxf2 Qf6+ 0-1

[Event "Early-Titled-Tuesday-Blitz-February-27-2024"]
[Site "Chess.com"]
[Date "2024.02.27"]
[Round "8"]
[White "Mops_2004"]
[Black "1mbl4"]
[Result "1-0"]
[WhiteElo "2835"]
[BlackElo "2617"]
[TimeControl "180+1"]
[EndTime "9:25:30 PST"]
[Termination "Mops_2004 won by resignation"]

1. g3 Nf6 2. Bg2 g6 3. d4 Bg7 4.
e4 d6 5. Nc3 O-O 6. Nf3 c5 7.
h3 cxd4 8. Nxd4 Nc6 9. Be3 a6 10. O-O Rb8 11. Nd5 Be6 12. c3 Bxd5 13. exd5 Nxd4 14. Bxd4 Nd7 15. Re1 b5 16. a3 a5 17.
Re3 a4 18. Bxg7 Kxg7 19. Qd4+ Kg8 20. Rae1 Re8 21. Bf1 Nc5 22. h4 h5 23. Qb4 Na6 24.
Qf4 Nc5 25. Qg5 Rb7 26. g4 hxg4 27. Qxg4 Nd7 28. Qg5 Nf6 29. Qxf6 1-0

[Event "Early-Titled-Tuesday-Blitz-February-27-2024"]
[Site "Chess.com"]
[Date "2024.02.27"]
[Round "8"]
[White "PawnEatingZombie"]
[Black "LileKoridze"]
[Result "0-1"]
[WhiteElo "2169"]
[BlackElo "2423"]
[TimeControl "180+1"]
[EndTime "9:25:33 PST"]
[Termination "LileKoridze won on time"]

1. e4 c5 2. c3 Nf6 3. e5 Nd5 4. Nf3 e6 5. d4 cxd4 6. cxd4 d6 7. Bc4 Nb6 8. Bd3 Nc6 9. O-O Be7 10. Nc3 a6 11. Qe2 dxe5 12. dxe5 Nd5 13. Ne4 Qc7 14. Nd6+ Bxd6 15. exd6 Qxd6 16. Rd1 Nf4 17. Bxf4 Qxf4 18.
Be4 O-O 19. Rac1 Ne7 20. g3 Qf6 21. Rc7 Rb8 22. Qe3 Nd5 23. Bxd5 exd5 24. Nd4 Bg4 25. Rdc1 h6 26. Qc3 Rfc8 0-1

[Event "Early-Titled-Tuesday-Blitz-February-27-2024"]
[Site "Chess.com"]
[Date "2024.02.27"]
[Round "8"]
[White "arenal72"]
[Black "Onischuk_V"]
[Result "0-1"]
[WhiteElo "2610"]
[BlackElo "2800"]
[TimeControl "180+1"]
[EndTime "9:25:39 PST"]
[Termination "Onischuk_V won by resignation"]

1. Nf3 g6 2. g3 Bg7 3. Bg2 Nf6 4. O-O O-O 5. d3 d6 6. e4 c5 7. c3 Nc6 8. Qe2 Bg4 9. h3 Bxf3 10.
Bxf3 Rb8 11. Bg2 b5 12. a3 a5 13. f4 Qc7 14. Nd2 b4 15. Nc4 bxc3 16. bxc3 Nh5 17. Kh2 Bxc3 18. Ra2 Bg7 19. g4 Nf6 20. g5 Nh5 21.
Qf2 Nd4 22. Be3 Rb3 23. Rd2 Rfb8 24. Qh4 Rb1 25. Rxb1 Rxb1 26. Rf2 Rb3 27. Bf1 a4 28. Kg2 Qb7 29. Bxd4 Bxd4 30. Rf3 Rb1 31. Be2 Rg1+ 32. Kh2 Qb1 0-1

[Event "Early-Titled-Tuesday-Blitz-February-27-2024"]
[Site "Chess.com"]
[Date "2024.02.27"]
[Round "8"]
[White "GatoRojo150"]
[Black "ploxoi"]
[Result "1-0"]
[WhiteElo "2576"]
[BlackElo "2462"]
[TimeControl "180+1"]
[EndTime "9:25:44 PST"]
[Termination "GatoRojo150 won by resignation"]

1. e4 c5 2. Nf3 e6 3. Nc3 Nc6 4. d4 cxd4 5. Nxd4 Qc7 6. Be3 a6 7. Qf3 Nf6 8. O-O-O b5 9. e5 Bb7 10. exf6 Nxd4 11. Qg4 h5 12. Qxd4 g6 13. Bf4 Qd8 14. Bg5 Rc8 15. Ne4 Qc7 16. c3 Bd5 17. Kb1 h4 18. Bd3 Rh5 19. f4 h3 20. g4 Rh8 21.
Rhe1 Qb7 22. Bc2 Rc4 23. Qxd5 Qxd5 24. Rxd5 exd5 25. Nd6+ Kd8 26. Nxf7+ Kc7 27. Nxh8 1-0

[Event "Early-Titled-Tuesday-Blitz-February-27-2024"]
[Site "Chess.com"]
[Date "2024.02.27"]
[Round "8"]
[White "pr1105"]
[Black "Mesa_1"]
[Result "0-1"]
[WhiteElo "2323"]
[BlackElo "2503"]
[TimeControl "180+1"]
[EndTime "9:25:48 PST"]
[Termination "Mesa_1 won by resignation"]

1. e4 c5 2. Nf3 e6 3. d4 cxd4 4. Nxd4 a6 5. c4 Nf6 6. Nc3 Bb4 7. Qd3 Qc7 8. Be2 Bxc3+ 9. bxc3 d6 10. O-O Nbd7 11. Qg3 O-O 12. Bh6 Ne8 13. Be3 b6 14.
f4 Bb7 15. Bd3 Nef6 16. e5 dxe5 17. fxe5 Qxe5 18. Bf4 Qh5 19. Rae1 Rfe8 20. Nf3 Nc5 21. Ne5 Nxd3 22. Qxd3 Rad8 23. Qg3 Ne4 24. Rxe4 Bxe4 25. Bg5 Rd1 26. Ng4 Rxf1+ 0-1

[Event "Early-Titled-Tuesday-Blitz-February-27-2024"]
[Site "Chess.com"]
[Date "2024.02.27"]
[Round "8"]
[White "Atousa"]
[Black "betta2004"]
[Result "0-1"]
[WhiteElo "2470"]
[BlackElo "2591"]
[TimeControl "180+1"]
[EndTime "9:25:49 PST"]
[Termination "betta2004 won on time"]

1. e4 e5 2. Nf3 Nf6 3. Nxe5 Nc6 4.
Nf3 Nxe4 5. Nc3 d5 6. d3 Nxc3 7.
bxc3 Bd6 8. Be2 O-O 9. O-O Bg4 10.
h3 Bh5 11. Rb1 b6 12. Nd4 Bxe2 13. Qxe2 Nxd4 14. cxd4 Qf6 15. Be3 Rfe8 16. Qh5 c6 17. c4 Rad8 18. cxd5 cxd5 19. Kh1 Bf4 20. Qf3 Bxe3 21.
fxe3 Qg6 22. Rbc1 Rd7 23. Rc3 h6 24. Rfc1 Re6 25. Kh2 Rf6 26. Qg3 Re7 27. Qb8+ Kh7 28. Rc8 Qg5 29. Rh8+ Kg6 30. e4 Qxc1 31. Qg8 Rf1 32.
Qh7+ Kh5 33. Qxg7 Qf4+ 0-1

[Event "Early-Titled-Tuesday-Blitz-February-27-2024"]
[Site "Chess.com"]
[Date "2024.02.27"]
[Round "8"]
[White "AryanTari"]
[Black "Semen16"]
[Result "1-0"]
[WhiteElo "2934"]
[BlackElo "2727"]
[TimeControl "180+1"]
[EndTime "9:25:50 PST"]
[Termination "AryanTari won by resignation"]

1. e4 e5 2. Nf3 Nc6 3. Nc3 Nf6 4.
a3 d5 5. Bb5 Nxe4 6. Qe2 Nxc3 7.
Qxe5+ Qe7 8. dxc3 Bd7 9. Qxe7+ Bxe7 10. Bf4 O-O-O 11. O-O-O Bg4 12. Bxc6 bxc6 13. Rde1 Bc5 14.
Ne5 Be6 15. Nxc6 Rde8 16. Be3 Bxe3+ 17. Rxe3 Kd7 18. Ne5+ Kd6 19. b4 c5 20. Nd3 cxb4 21.
axb4 Rc8 22. Kd2 Rc4 23. Ra1 Rhc8 24. Nc5 d4 25. Rd3 Ke5 26. Rxd4 Rxd4+ 27. cxd4+ Kxd4 28. Nxe6+ fxe6 29. Rxa7 Rf8 30. f3 g5 31. Rxh7 g4 32. Rh4 1-0

[Event "Early-Titled-Tuesday-Blitz-February-27-2024"]
[Site "Chess.com"]
[Date "2024.02.27"]
[Round "8"]
[White "santosalberto1987"]
[Black "elchacal664"]
[Result "1-0"]
[WhiteElo "2548"]
[BlackElo "2413"]
[TimeControl "180+1"]
[EndTime "9:25:50 PST"]
[Termination "santosalberto1987 won by resignation"]

1. e4 c5 2. Nf3 d6 3. Bb5+ Nd7 4. d4 cxd4 5. Qxd4 a6 6. Bxd7+ Bxd7 7. Nc3 e6 8. Bg5 Qa5 9. O-O-O e5 10. Qd3 Be6 11.
Kb1 Rc8 12. Nd5 Ne7 13. a3 Bxd5 14. exd5 Ng6 15. h4 h6 16. h5 Ne7 17. Bh4 f5 18.
Nxe5 dxe5 19. d6 Rd8 20. d7+ Kf7 21. Qb3+ 1-0

[Event "Early-Titled-Tuesday-Blitz-February-27-2024"]
[Site "Chess.com"]
[Date "2024.02.27"]
[Round "8"]
[White "Statham_01"]
[Black "esrosenberg"]
[Result "1-0"]
[WhiteElo "2564"]
[BlackElo "2424"]
[TimeControl "180+1"]
[EndTime "9:25:54 PST"]
[Termination "Statham_01 won by resignation"]

1. e4 e6 2. Qe2 c5 3. c3 Nc6 4. Nf3 d5 5. exd5 Qxd5 6. Na3 a6 7. Nc4 Nf6 8. Nb6 Qd8 9. Nxa8 Bd6 10. d4 Bd7 11. dxc5 Bxc5 12. Qc4 Ba7 13. Bg5 Qxa8 14. O-O-O Nd5 15. Bd3 O-O 16. Qh4 f5 17. g4 Qc8 18.
gxf5 exf5 19. Bc4 Be6 20. Bxd5 Bxd5 21. Rxd5 a5 22. Kb1 Qe6 23. Rdd1 h6 24. Be3 Bxe3 25. fxe3 Qxe3 26. Nd4 f4 27. Rhe1 g5 28. Qxh6 Qf2 29. Qg6+ Kh8 30. Qh6+ Kg8 31. Qxg5+ Kh7 32.
Qh5+ Kg7 33. Rg1+ Kf6 34. Qf5+ Ke7 35. Nxc6+ bxc6 36. Rg7+ 1-0

[Event "Early-Titled-Tuesday-Blitz-February-27-2024"]
[Site "Chess.com"]
[Date "2024.02.27"]
[Round "8"]
[White "jcibarra"]
[Black "kingofthenil"]
[Result "1-0"]
[WhiteElo "2944"]
[BlackElo "2742"]
[TimeControl "180+1"]
[EndTime "9:25:55 PST"]
[Termination "jcibarra won on time"]

1. e4 Nc6 2. Nf3 d5 3. exd5 Qxd5 4. d4 Bg4 5. Be2 O-O-O 6. c4 Qf5 7. Be3 Nf6 8. Nbd2 e5 9. d5 Nd4 10. Nxd4 exd4 11.
Bxd4 Re8 12. f3 Qd3 13. Nb3 Bb4+ 14. Kf2 Qf5 15. Bd3 Qg5 16. h4 Qh5 17. Bxf6 gxf6 18.
fxg4 Qe5 19. Rh3 a5 20. a3 Qxb2+ 21. Qc2 1-0

[Event "Early-Titled-Tuesday-Blitz-February-27-2024"]
[Site "Chess.com"]
[Date "2024.02.27"]
[Round "8"]
[White "Fernando_Offermann"]
[Black "Christ_is_alive"]
[Result "1-0"]
[WhiteElo "2487"]
[BlackElo "2297"]
[TimeControl "180+1"]
[EndTime "9:25:55 PST"]
[Termination "Fernando_Offermann won by resignation"]

1. Nf3 Nf6 2. g3 g6 3. Bg2 Bg7 4. O-O O-O 5. d3 d6 6. e4 c5 7. Nbd2 Nc6 8. Re1 Rb8 9. a4 a6 10. e5 dxe5 11. Nxe5 Nxe5 12. Rxe5 Ng4 13. Re2 b5 14. h3 Ne5 15. Ne4 c4 16. d4 Nc6 17.
c3 Bb7 18. Nc5 Nxd4 19. cxd4 Bxd4 20. Rd2 Bxc5 21. Rxd8 Rfxd8 22. Qc2 Rd3 23. Bf4 Bxg2 24. Bxb8 Bxh3 25. axb5 axb5 26. Ra8 Kg7 27. Be5+ f6 28. Kh2 Bf5 29. Qe2 Rb3 30. Bc3 Kf7 31. Qf3 b4 32. Qd5+ Be6 33. Qxc5 bxc3 34. bxc3 Rxc3 35.
Ra7 1-0

[Event "Early-Titled-Tuesday-Blitz-February-27-2024"]
[Site "Chess.com"]
[Date "2024.02.27"]
[Round "8"]
[White "regenda"]
[Black "Misterfox120"]
[Result "0-1"]
[WhiteElo "2248"]
[BlackElo "2427"]
[TimeControl "180+1"]
[EndTime "9:25:57 PST"]
[Termination "Misterfox120 won by resignation"]

1. e4 c6 2. c4 d5 3. exd5 cxd5 4. cxd5 Nf6 5. Qa4+ Nbd7 6. Nc3 g6 7. Bc4 Bg7 8. Qb3 O-O 9. d3 a6 10. a4 b6 11. Be3 Bb7 12. Nge2 Rc8 13. Nf4 Ng4 14. O-O Nc5 15. Qa2 Ne5 16. Rad1 Qc7 17. h3 Rfd8 18. Ne4 Nxe4 19. dxe4 Qxc4 20. Qa3 Qxe4 21. Bxb6 Nc4 0-1

[Event "Early-Titled-Tuesday-Blitz-February-27-2024"]
[Site "Chess.com"]
[Date "2024.02.27"]
[Round "8"]
[White "Kristof_08"]
[Black "Kostya0705"]
[Result "0-1"]
[WhiteElo "2425"]
[BlackElo "2571"]
[TimeControl "180+1"]
[EndTime "9:25:58 PST"]
[Termination "Kostya0705 won by resignation"]

1. d4 Nf6 2. c4 e6 3. g3 d5 4. Nf3 Be7 5. Bg2 O-O 6. O-O c6 7.
Qc2 b6 8. Nbd2 Bb7 9. e4 Na6 10. a3 Rc8 11. e5 Nd7 12. cxd5 exd5 13. h4 h6 14. Bh3 c5 15. Qa4 Rc7 16. Re1 cxd4 17. Nxd4 Nac5 18. Qd1 Ba6 19. e6 fxe6 20. Nxe6 Nxe6 21. Bxe6+ Kh8 22. Bxd5 Bxh4 23. Ne4 Ne5 24. gxh4 Nf3+ 25. Kg2 Nxh4+ 26. Kg3 Rf3+ 27. Qxf3 Nxf3 28. Rd1 Qh4+ 29. Kxf3 Qh5+ 30. Kg3 Qxd1 0-1

[Event "Early-Titled-Tuesday-Blitz-February-27-2024"]
[Site "Chess.com"]
[Date "2024.02.27"]
[Round "8"]
[White "WiktoriaPOL"]
[Black "AlainBruxelles"]
[Result "0-1"]
[WhiteElo "2251"]
[BlackElo "2432"]
[TimeControl "180+1"]
[EndTime "9:25:58 PST"]
[Termination "AlainBruxelles won by resignation"]

1. c4 c5 2. Nf3 Nf6 3. Nc3 Nc6 4. g3 d5 5. cxd5 Nxd5 6. Bg2 Nc7 7. d3 e5 8. O-O Be7 9. Be3 Bd7 10. Nd2 O-O 11. a4 Rc8 12. Nc4 b6 13. b3 f6 14. Bd2 Nd4 15. a5 b5 16. Ne3 Be6 17.
Rb1 a6 18. Ne4 f5 19. Nc3 f4 20. gxf4 exf4 21. Nc2 Bxb3 22. Rxb3 Nxb3 23. Ne4 Nd5 24. Na3 Nd4 25. Bc3 Nxc3 26. Nxc3 b4 27. Nd5 bxa3 0-1

[Event "Early-Titled-Tuesday-Blitz-February-27-2024"]
[Site "Chess.com"]
[Date "2024.02.27"]
[Round "8"]
[White "Hikaru"]
[Black "SantoBlue"]
[Result "1-0"]
[WhiteElo "3241"]
[BlackElo "2969"]
[TimeControl "180+1"]
[EndTime "9:25:59 PST"]
[Termination "Hikaru won by resignation"]

1. h3 d5 2. d4 Nf6 3. Bf4 c5 4. e3 Nc6 5. Nc3 Bf5 6. g4 Bg6 7. Bd3 cxd4 8. exd4 e6 9. Nge2 Be7 10. Qd2 a6 11. g5 Ne4 12. Bxe4 dxe4 13. d5 exd5 14. Nxd5 O-O 15. O-O-O Bc5 16. Be3 Bxe3 17. Qxe3 Qa5 18. Kb1 Rad8 19. Nef4 Rfe8 20. a3 Ne5 21. h4 Nc4 22. Qd4 Qb5 23. a4 Qxa4 24. h5 Bf5 25. h6 f6 26. hxg7 1-0

[Event "Early-Titled-Tuesday-Blitz-February-27-2024"]
[Site "Chess.com"]
[Date "2024.02.27"]
[Round "8"]
[White "kleinebeer98"]
[Black "BilodeauA"]
[Result "1-0"]
[WhiteElo "2912"]
[BlackElo "3013"]
[TimeControl "180+1"]
[EndTime "9:26:08 PST"]
[Termination "kleinebeer98 won by checkmate"]

1. e4 e5 2. Nc3 Nc6 3. Bc4 Nf6 4. d3 Bb4 5. Ne2 d5 6. exd5 Nxd5 7. O-O Bxc3 8. Nxc3 Be6 9. Ne4 O-O 10. Ng5 h6 11. Nxe6 fxe6 12. Qg4 Qf6 13. c3 Rad8 14. a4 a6 15. Be3 Kh8 16. Rae1 Qf5 17. Qh4 Nf6 18.
h3 Na5 19. g4 Qg6 20. Bxe6 Qxd3 21. Bf5 Qd5 22. Bxh6 gxh6 23. Qxh6+ Kg8 24. g5 Qf7 25. gxf6 Qxf6 26. Qh7# 1-0

[Event "Early-Titled-Tuesday-Blitz-February-27-2024"]
[Site "Chess.com"]
[Date "2024.02.27"]
[Round "8"]
[White "sewlins"]
[Black "kai_nov"]
[Result "0-1"]
[WhiteElo "2153"]
[BlackElo "2330"]
[TimeControl "180+1"]
[EndTime "9:26:08 PST"]
[Termination "kai_nov won by resignation"]

1. e4 c5 2. Nf3 Nc6 3. Bb5 g6 4. Bxc6 dxc6 5. d3 Bg7 6. h4 h5 7. O-O Bg4 8. a4 e6 9. a5 Nh6 10. Bg5 Qd7 11. Ra2 f6 12. Be3 Qe7 13. Nbd2 O-O-O 14. Nb3 c4 15. Nbd2 cxd3 16. cxd3 Rxd3 17. Qc2 Rhd8 18. a6 b6 19. Qxc6+ Qc7 20. Rc1 Qxc6 21. Rxc6+ Kb8 22. Bf4+ e5 23. Bxh6 Bxh6 24. Nc4 Rd1+ 25. Kh2 Bf4+ 26. g3 Bxf3 0-1

[Event "Early-Titled-Tuesday-Blitz-February-27-2024"]
[Site "Chess.com"]
[Date "2024.02.27"]
[Round "8"]
[White "rasmussvane"]
[Black "chipmunknau"]
[Result "1-0"]
[WhiteElo "2941"]
[BlackElo "2731"]
[TimeControl "180+1"]
[EndTime "9:26:09 PST"]
[Termination "rasmussvane won by resignation"]

1. Nf3 Nf6 2. g3 d5 3. Bg2 e6 4.
O-O Be7 5. c4 O-O 6. b3 c5 7.
cxd5 Nxd5 8. Nc3 Nxc3 9. dxc3 Qxd1 10. Rxd1 Bf6 11. Be3 Nd7 12. Rac1 a5 13. Nd2 a4 14.
Nc4 axb3 15. axb3 Ra2 16. Nd6 Ne5 17. Bxc5 Be7 18. Nxb7 Bxc5 19. Nxc5 Rxe2 20. Re1 Rxe1+ 21. Rxe1 Nd7 22. Nxd7 Bxd7 23. Rd1 Bc8 24. c4 f5 25. b4 Kf7 26. b5 e5 27. Bd5+ Be6 28. Bxe6+ Kxe6 29. c5 Rc8 30. c6 Rc7 31. Rb1 1-0

[Event "Early-Titled-Tuesday-Blitz-February-27-2024"]
[Site "Chess.com"]
[Date "2024.02.27"]
[Round "8"]
[White "Yurovskykh_Oleksandr"]
[Black "Eagle_2019"]
[Result "0-1"]
[WhiteElo "2680"]
[BlackElo "2884"]
[TimeControl "180+1"]
[EndTime "9:26:09 PST"]
[Termination "Eagle_2019 won by resignation"]

1. d4 d5 2. Bf4 Nf6 3. e3 e6 4. Nd2 Bd6 5. Bg3 O-O 6. Bd3 c5 7.
c3 Nc6 8. Ngf3 b6 9. e4 Be7 10. e5 Nh5 11. Ng5 Bxg5 12. Qxh5 g6 13. Qe2 cxd4 14.
Nf3 Bh6 15. h4 dxc3 16. bxc3 f5 17. exf6 Qxf6 18. O-O Bf4 19. Rae1 Bd7 20. c4 Rae8 21. cxd5 exd5 22. Qd1 Bg4 23. Bb5 Rxe1 24. Rxe1 Bxg3 25. Qxd5+ Kh8 26. Qxc6 Bxh4 27. Qe4 Bxf3 28. gxf3 Qg5+ 29. Kf1 Qxb5+ 0-1

[Event "Early-Titled-Tuesday-Blitz-February-27-2024"]
[Site "Chess.com"]
[Date "2024.02.27"]
[Round "8"]
[White "ReadySkate"]
[Black "Zheenbekov86"]
[Result "1-0"]
[WhiteElo "2548"]
[BlackElo "2417"]
[TimeControl "180+1"]
[EndTime "9:26:10 PST"]
[Termination "ReadySkate won on time"]

1. d4 Nf6 2. c4 g6 3. Nc3 Bg7 4. e4 d6 5. Be2 O-O 6. Bg5 Nbd7 7. Qd2 c5 8. d5 a6 9. a4 Ne5 10. h3 e6 11. Nf3 Nxf3+ 12. Bxf3 e5 13. O-O Qa5 14.
Rfb1 Bd7 15. Ne2 Qxd2 16. Bxd2 a5 17. b3 b6 18. Kh2 h6 19. g3 Nh7 20. Bg2 f5 21. f4 fxe4 22. Ra2 g5 23. Rf1 exf4 24.
gxf4 gxf4 25. Bxf4 Ng5 26. Ng3 Nf3+ 27. Bxf3 exf3 28.
Bxd6 Rf7 29. Raf2 Re8 30. Rxf3 Rxf3 31. Rxf3 Bd4 32. Nh5 Re1 33. Rf8+ Kh7 34. Rf7+ 1-0